 Dungeon Crawl Stone Soup version 0.26.1-2-gb8aa6d0cf2 (webtiles) character file.

Game seed: 12924026773725611563

2603 McKennaii the Thaumaturge (level 9, -6/47 HPs)
             Began as a Deep Elf Conjurer on Feb 17, 2021.
             Mangled by a two-headed ogre
             ... wielding a +0 giant club
              (12 damage)
             ... on level 8 of the Dungeon.
             The game lasted 00:18:03 (10735 turns).

McKennaii the Thaumaturge (Deep Elf Conjurer)      Turns: 10735, Time: 00:18:04

Health: -6/47      AC:  5    Str: 10    XL:     9   Next: 33%
Magic:  1/25       EV: 13    Int: 27    God:
Gold:   309        SH:  0    Dex: 13    Spells: 20/29 levels left

rFire    . . .     SeeInvis .   C - staff of earth
rCold    + . .     Faith    .   (no shield)
rNeg     . . .     Spirit   .   E - +2 robe {Will+}
rPois    .         Reflect  .   (no helmet)
rElec    .         Harm     .   z - +0 cloak
rCorr    .         Rampage  .   (no gloves)
Will     +....                  (no boots)
Stlth    +++.......             (no amulet)
HPRegen  0.15/turn              h - ring of protection from cold
MPRegen  0.19/turn              t - +6 ring of strength

@: no status effects
A: no striking features
a: no special abilities


You were on level 8 of the Dungeon.
You visited 1 branch of the dungeon, and saw 8 of its levels.

You collected 309 gold pieces.

Inventory:

Armour
 a - a +0 robe
 x - the +2 ring mail "Tiesh" {rPois Int+4}
   (You found it on level 4 of the Dungeon)

   It affects your intelligence (+4).
   It protects you from poison.
 z - a +0 cloak (worn)
 E - a +2 robe of willpower (worn)
Magical Staves
 C - an uncursed staff of earth (weapon)
Jewellery
 h - a ring of protection from cold (left hand)
 t - a +6 ring of strength (right hand)
 y - an uncursed ring of ice
Wands
 r - a wand of random effects (10)
Scrolls
 b - a scroll of identify
 f - 7 scrolls of remove curse
 g - a scroll of amnesia
 j - a scroll of teleportation
 m - 5 scrolls of fear
 o - a scroll of blinking {unknown}
 p - 3 scrolls of fog {unknown}
 q - 3 scrolls of random uselessness {unknown}
 u - 2 scrolls of immolation {unknown}
 v - a scroll of enchant weapon {unknown}
 B - a scroll of silence {unknown}
Potions
 c - a potion of heal wounds
 d - 5 potions of curing
 e - 3 potions of lignification
 i - a potion of berserk rage
 k - a potion of cancellation
 l - a potion of mutation
 n - a potion of attraction
 s - a potion of magic {unknown}
 w - a potion of might
 D - a potion of brilliance {unknown}


   Skills:
 + Level 1.0 Fighting
 + Level 3.1 Armour
 + Level 3.3 Dodging
 + Level 4.3 Stealth
 * Level 10.7 Spellcasting
 * Level 9.9 Conjurations
 + Level 0.4 Translocations


You had 20 spell levels left.
You knew the following spells:

 Your Spells              Type           Power        Failure   Level
a - Magic Dart            Conj           100%         1%          1
b - Fulminant Prism       Conj/Hex       20%          4%          4
c - Iskenderun's Mystic   Conj/Tloc      42%          4%          4

Your spell library contained the following spells:

 Spells                   Type           Power        Failure   Level
 Searing Ray              Conj           100%         1%          2
 Dazzling Flash           Conj/Hex       82%          1%          3


Dungeon Overview and Level Annotations

Branches:
Dungeon (8/15)
 Temple: D:4-7         Lair: D:8-11

Altars:
Dithmenos
Gozag
Hepliaklqana
Okawaru
Uskayaw
Xom
Yredelemnul
The Shining One
Beogh

Annotations:
D:6 3 runed translucent doors, McKennaii's ghost, novice DECj
D:8 Harold; Maurice


Message History

The two-headed ogre hits you with a +0 giant club!!
The two-headed ogre misses you.
Aiming: Paralyse
Press: ? - help, Shift-Dir - straight line, f/p - two-headed ogre
Aim: a two-headed ogre, wielding two +0 giant clubs (severely wounded, chance to affect: 28%)
The two-headed ogre easily resists.
Aiming: Paralyse
Press: ? - help, Shift-Dir - straight line, f/p - two-headed ogre
Aim: a two-headed ogre, wielding two +0 giant clubs (severely wounded, chance to affect: 28%)
The two-headed ogre easily resists.
The two-headed ogre hits you with a +0 giant club!
* * * LOW HITPOINT WARNING * * *
The two-headed ogre barely misses you.
Unknown command.
Aiming: Paralyse
Press: ? - help, Shift-Dir - straight line, f/p - two-headed ogre
Aim: a two-headed ogre, wielding two +0 giant clubs (severely wounded, chance to affect: 28%)
The two-headed ogre easily resists.
The now-empty wand crumbles to dust.
The two-headed ogre hits you with a +0 giant club!
You die...

.... #..######.....
@.. #...#......... ..
#.#.#.###..... #.#...#
#..... #.....# #.....
########...# #.####
...(..#...###'###
#.....#.#.#.)...# #@#
#.#.#..)).# #O#
#.#.......# #.#
#.#.......#
#.#####.#.......#
#.(..)..#.......#
......)#######.......#
......(. ###.....#
........ ##..###
........# #..#


You could see a two-headed ogre.

Vanquished Creatures
  The ghost of grovkorv the Stinger, a novice HaVM of Makhleb (D:4)
  Prince Ribbit (D:8)
  Sigmund (D:3)
  3 orc warriors
  3 ice beasts
  A sky beast (D:8)
  An ogre (D:4)
  A centaur (D:6)
  4 big kobolds
  A bullfrog (D:8)
  2 scorpions (D:5)
  A howler monkey (D:4)
  A bullfrog zombie (D:6)
  3 orc priests
  A bullfrog skeleton (D:7)
  6 orc wizards
  A centaur skeleton (D:4)
  3 worker ants
  3 hound zombies
  3 hound skeletons
  5 adders
  8 gnolls
  An ufetubus (D:6)
  An adder zombie (D:5)
  3 worms (D:2)
  5 leopard geckos
  16 orcs
  4 giant cockroaches
  4 hobgoblins
  8 jackals
  3 quokkas
  A ball python (D:5)
  5 bats
  3 frilled lizards
  3 goblins
  A jackal zombie (D:5)
  17 kobolds
  A quokka zombie (D:5)
  4 rats
  A spectral orc (D:2)
135 creatures vanquished.

Vanquished Creatures (others)
  2 fulminant prisms
2 creatures vanquished.

Grand Total: 137 creatures vanquished

Notes
Turn   | Place    | Note
-------+----------+-------------------------------------------
     0 | D:1      | McKennaii the Deep Elf Conjurer began the quest for the
                  | Orb.
     0 | D:1      | Reached XP level 1. HP: 10/10 MP: 6/6
   718 | D:1      | Reached XP level 2. HP: 15/15 MP: 4/8
  1004 | D:2      | Reached skill level 5 in Conjurations
  1066 | D:2      | Found an iron altar of Okawaru.
  1239 | D:2      | Found a glowing golden altar of the Shining One.
  1373 | D:2      | Reached XP level 3. HP: 19/19 MP: 7/9
  1663 | D:2      | Found a basalt altar of Yredelemnul.
  1826 | D:2      | Found an iron altar of Okawaru.
  1961 | D:3      | Noticed Sigmund
  2377 | D:3      | Found a hazy altar of Hepliaklqana.
  2630 | D:3      | Killed Sigmund
  2631 | D:3      | Reached skill level 4 in Spellcasting
  2631 | D:3      | Reached XP level 4. HP: 6/24 MP: 1/12
  2631 | D:3      | Reached XP level 5. HP: 7/28 MP: 1/13
  3187 | D:4      | Learned a level 4 spell: Fulminant Prism
  3192 | D:4      | Learned a level 4 spell: Iskenderun's Mystic Blast
  3245 | D:4      | Noticed an ogre
  3252 | D:4      | Killed an ogre
  3253 | D:4      | Reached skill level 5 in Spellcasting
  3253 | D:4      | Reached XP level 6. HP: 8/32 MP: 6/15
  3493 | D:4      | Found a shadowy altar of Dithmenos.
  4194 | D:4      | Got a translucent ring mail
  4253 | D:4      | Found a runed translucent gate.
  4267 | D:4      | Found a runed translucent gate.
  4267 | D:4      | Found an opulent altar of Gozag.
  4267 | D:4      | Found a runed translucent gate.
  4268 | D:4      | Noticed grovkorv's ghost (novice HaVM)
  4458 | D:4      | Identified the +2 ring mail "Tiesh" {rPois Int+4} (You
                  | found it on level 4 of the Dungeon)
  4672 | D:5      | Entered Level 5 of the Dungeon
  4771 | D:5      | Reached XP level 7. HP: 37/37 MP: 12/17
  5002 | D:4      | Reached skill level 6 in Spellcasting
  5262 | D:5      | Found a shimmering altar of Xom.
  5794 | D:5      | Reached skill level 7 in Spellcasting
  6347 | D:6      | Reached skill level 1 in Armour
  7090 | D:6      | Reached XP level 8. HP: 7/42 MP: 15/21
  7578 | D:6      | Reached skill level 8 in Spellcasting
  8177 | D:6      | Got an agate-encrusted ring mail
  8188 | D:6      | Identified the +3 ring mail of Marbles {rPois} (You found
                  | it on level 6 of the Dungeon)
  8495 | D:6      | Found a runed translucent gate.
  8495 | D:6      | Found a runed translucent gate.
  8496 | D:6      | Found a runed translucent gate.
  8506 | D:6      | Identified the cursed +0 chain mail of the Morning Star
                  | {rCorr Str-5 Dex+4}
  8507 | D:6      | Noticed McKennaii's ghost (novice DECj)
  8517 | D:6      | Found a roughly hewn altar of Beogh.
  8944 | D:4      | Killed grovkorv's ghost
  8945 | D:4      | Reached skill level 9 in Spellcasting
  9759 | D:7      | Found a hide-covered altar of Uskayaw.
  9780 | D:7      | You fall into a shaft and drop 1 floor!
  9803 | D:8      | Reached XP level 9. HP: 24/46 MP: 0/24
  9989 | D:8      | Noticed Prince Ribbit
  9997 | D:8      | Killed Prince Ribbit
  9998 | D:8      | Reached skill level 10 in Spellcasting
 10175 | D:8      | Noticed Maurice
 10214 | D:8      | Reached skill level 1 in Fighting
 10433 | D:8      | Noticed Harold
 10472 | D:8      | Noticed a two-headed ogre
 10735 | D:8      | Mangled by a two-headed ogre

Illustrated notes

Levels and vault maps discovered:
D:1:      minmay_arrival_stone_box, layout_basic
D:2:      layout_loops_ring, general_overflow_altar, old_standard_altar,
          yredelemnul_forgotten_temple_becter, okawaru_ov_weapons_minmay
D:3:      layout_basic, marbit_many_paths, uniq_sigmund
D:4:      layout_rooms, overflow_temple_1_default, ebering_ghost_gozag,
          minmay_between
D:5:      cheibrodos_thug_alley, layout_basic, nicolae_overflow_crystal_walls
D:6:      layout_basic, biasface_ghost_orc_armoury
D:7:      layout_basic, nzn_overflow_gifts_of_might_and_magic,
          kennysheep_mini_moat, minmay_temple_entry_trees,
          hangedman_abyss_or_decor_stabs
D:8:      layout_basic, uniq_prince_ribbit1, uniq_maurice, uniq_joseph,
          uniq_harold

Skill      XL: |  1  2  3  4  5  6  7  8  9 |
---------------+----------------------------+-----
Conjurations   | 5 6 7 8 9 |  9.9
Stealth        | 3 4 |  4.3
Spellcasting   | 4 5 7 9 10 | 10.7
Dodging        | 3 |  3.3
Armour         | 1 2 3 |  3.1
Fighting       | 1 |  1.0
Translocations | |  0.4

Action                   |  1- 3 |  4- 6 |  7- 9 || total
-------------------------+-------+-------+-------++-------
Melee: Unarmed           |       |       |    11 ||    11
       Staff             |       |       |    24 ||    24
 Cast: Magic Dart        |    82 |    97 |   331 ||   510
       Iskenderun's Myst |       |       |    15 ||    15
       Fulminant Prism   |       |       |     2 ||     2
Evoke: Wand              |       |       |     8 ||     8
  Use: Potion            |     1 |       |     7 ||     8
       Scroll            |       |     2 |     6 ||     8
Armor: Robe              |       |     1 |    10 ||    11
       Ring mail         |       |       |    38 ||    38
       Skin              |       |       |     1 ||     1
Dodge: Dodged            |     4 |     9 |    95 ||   108
